 Seeded DCSS version 0.32-a0-938-g40ac7a0 (webtiles) character file.

Game seed: 1459695861311278033 (custom seed)

38876 Bort the Skirmisher (level 13, -8/133 (139) HPs)
             Began as a Vampire Hunter on Apr 19, 2024.
             Was a High Priest of Hepliaklqana.
             Mangled by a minotaur
             ... wielding a +2 great mace of protection
              (9 damage)
             ... in a Gauntlet.
             The game lasted 01:11:01 (14731 turns).

Bort the Skirmisher (Vampire Hunter)               Turns: 14731, Time: 01:11:03

HP:   -8/133 (139)  AC: 13    Str: 10    XL:     13   Next: 66%
MP:   13/13         EV: 15    Int: 11    God:    Hepliaklqana [*****.]
Gold: 534           SH:  0    Dex: 23    Spells: 10/12 levels left

rFire   + . .        v - +3 whip (elec)
rCold   . . .        (no shield)
rNeg    + . .        P - +4 ring mail {rN+}
rPois   +            w - +0 helmet
rElec   .            (no cloak)
rCorr   .            f - +0 pair of gloves
SInv    +            d - +0 pair of boots
Will    +....        F - amulet of regeneration Stlth
                     j - ring of protection from fire
HPRegen 1.42/turn    N - ring of poison resistance
MPRegen 0.13/turn

%: no teleportation
@: berserking, healing quickly, lightly drained, very quick
A: reduced essence, alive, fangs 3, see invisible, vampiric 2
a: Exsanguinate, Renounce Religion, Recall Ancestor, Ancestor Identity,
Transference, Idealise


You were in a Gauntlet.
You worshipped Hepliaklqana.
Hepliaklqana was extremely pleased with you.
You visited 4 branches of the dungeon, and saw 17 of its levels.
You also visited: Gauntlet.

You collected 888 gold pieces.
You spent 354 gold pieces at shops.

Inventory:

Hand Weapons
 m - the +3 orcbow "Ubehaopno" {drain, *Corrode rElec rC+ Will+}
   (You found it in a Gauntlet)

   rC+:       It protects you from cold.
   rElec:     It insulates you from electricity.
   Will+:     It increases your willpower.
   *Corrode:  It may corrode you when you take damage.
 v - a +3 whip of electrocution (weapon)
 y - a +0 orcbow
Missiles
 e - 43 poisoned darts
 i - 2 throwing nets
 R - 6 curare-tipped darts
Armour
 c - a +2 ring mail of poison resistance
 d - a +0 pair of boots (worn)
 f - a +0 pair of gloves (worn)
 w - a +0 helmet (worn)
 B - a +2 leather armour of fire resistance
 P - a +4 ring mail of positive energy (worn)
 U - a +0 troll leather armour
 Y - +0 acid dragon scales
Jewellery
 j - a ring of protection from fire (left hand)
 p - a ring of fire
 F - an amulet of regeneration (around neck)
 N - a ring of poison resistance (right hand)
 O - a ring of willpower
 S - the ring "Geow Fahaxei" {rC+ Str+5}
   (You found it on level 8 of the Dungeon)

   [ring of protection from cold]

   Str+5:     It affects your strength (+5).
   rC+:       It protects you from cold.
Wands
 a - a wand of polymorph (1)
 x - a wand of acid (19)
 E - a wand of flame (50)
 H - a wand of roots (5)
 T - a wand of mindburst (16)
 X - a wand of digging (8)
Scrolls
 h - a scroll of immolation
 n - 3 scrolls of noise
 z - 2 scrolls of silence
 D - a scroll of fog
 L - a scroll of brand weapon {unknown}
 M - a scroll of torment {unknown}
 Q - 3 scrolls of blinking {unknown}
 V - a scroll of poison {unknown}
Potions
 g - 2 potions of enlightenment
 k - 2 potions of ambrosia
 o - a potion of might
 q - 4 potions of curing
 r - 4 potions of brilliance
 t - a potion of berserk rage
 u - 2 potions of magic {unknown}
 A - 2 potions of invisibility {unknown}
 C - 4 potions of lignification
 G - a potion of cancellation {unknown}
 I - a potion of mutation {unknown}
 J - a potion of attraction
 K - 2 potions of resistance {unknown}


   Skills:
 + Level 10.5 Fighting
 - Level 0.5 Maces & Flails
 + Level 14.8 Ranged Weapons
 - Level 1.0 Throwing
 - Level 5.0 Armour
 + Level 9.2 Dodging
 + Level 10.6 Stealth
 - Level 0.6 Evocations


You had 10 spell levels left.
You knew the following spells:

 Your Spells              Type           Power      Damage    Failure   Level
a - Blink                 Tloc           0%         N/A       77%         2

Your spell library contained the following spells:

 Spells                   Type           Power      Damage    Failure   Level
 Freeze                   Ice            0%         1d3       63%         1
 Summon Small Mammal      Summ           0%         N/A       63%         1
 Lesser Beckoning         Tloc           0%         N/A       77%         2
 Momentum Strike          Conj/Tloc      0%         3d8       77%         2
 Frozen Ramparts          Ice            0%         1d1       94%         3
 Fugue of the Fallen      Necr           0%         N/A       94%         3
 Ozocubu's Armour         Ice            0%         N/A       94%         3
 Tukima's Dance           Hex            0%         N/A       94%         3
 Animate Dead             Necr           0%         N/A       100%        4
 Brom's Barrelling Bould  Conj/Erth      0%         2d3       100%        4
 Dimensional Bullseye     Hex/Tloc       0%         N/A       100%        4
 Iskenderun's Mystic Bla Conj/Tloc 0%             2d3        (+2d1     100%        4
 Leda's Liquefaction      Alch/Erth      0%         N/A       100%        4
 Petrify                  Alch/Erth      0%         N/A       100%        4
 Borgnjor's Vile Clutch   Necr/Erth      0%         N/A       100%        5
 Fireball                 Conj/Fire      0%         3d3       100%        5
 Freezing Cloud           Conj/Ice/Air   0%         6-21      100%        5
 Iskenderun's Battlesphe  Conj           0%         2d6       100%        5
 Metabolic Englaciation   Hex/Ice        0%         N/A       100%        5
 Conjure Ball Lightning   Conj/Air       0%         3x3d6     100%        6
 Death Channel            Necr           0%         N/A       100%        6
 Summon Cactus Giant      Summ           0%         N/A       100%        6
 Manifold Assault         Tloc           0%         N/A       100%        7
 Orb of Destruction       Conj           0%         9d5       100%        7
 Spellforged Servitor     Conj/Summ      0%         N/A       100%        7


Dungeon Overview and Level Annotations

Branches:
Dungeon (12/15)            Temple (1/1) D:4            Lair (3/5) D:9
 Spider (0/4) Lair:3          Orc (1/2) D:9         Gauntlet (1/1)
  Swamp: Lair:2-3    Shoals: Lair:2-3

Altars:
Ashenzari
Cheibriados
Dithmenos
Fedhas
Gozag
Hepliaklqana
Kikubaaqudgha
Makhleb
Nemelex Xobeh
Okawaru
Qazlal
Ru
Sif Muna
Trog
Uskayaw
Vehumet
Wu Jian
Xom
Yredelemnul

Shops:
D:1 !   D:7 !   D:8 ?   D:11 [

Annotations:
D:7 1 runed translucent door, porkupine's ghost, novice FeBe
D:8 exclusion: downstairs
D:9 exclusion: downstairs
Lair:1 exclusion: downstairs
Lair:2 2 runed translucent doors, exclusion: downstairs, MalacsCross's ghost, journeyman DsGl Gauntlet 10 transporters, 21 runed translucent doors


Innate Abilities, Weirdness & Mutations

Your life essence is reduced to manifest your ancestor. (-10% HP)
Your natural rate of healing is accelerated.
You have razor-sharp teeth.
You have supernaturally acute eyesight. (SInv)
You are afflicted with vampirism and can become a bat while bloodless.


Message History

Roots grab the minotaur.
The grasping roots constrict the minotaur.
Flame seeps out of the minotaur.
The minotaur is engulfed in blazing flames.
Flame seeps out of the minotaur.
The minotaur escapes!
Okay, then.
You hear the crackle of electricity.
v - a +3 whip of electrocution (weapon)
A red film seems to cover your vision as you go berserk!
You feel yourself moving faster!
You feel mighty!
The minotaur hits you with a +2 great mace of protection!
The minotaur closely misses you.
You hit the minotaur.
Flame seeps out of the minotaur.
The minotaur is heavily wounded.
The minotaur is engulfed in blazing flames.
Flame seeps out of the minotaur.
The minotaur hits you with a +2 great mace of protection!
The minotaur gores you.
You hit the minotaur but do no damage.
You bite the minotaur, but do no damage.
The minotaur is severely wounded.
You hit the minotaur but do no damage.
Lightning courses through the minotaur!!
Flame seeps out of the minotaur.
You bite the minotaur, but do no damage.
The minotaur is almost dead.
The minotaur is engulfed in blazing flames.
Flame seeps out of the minotaur.
The minotaur hits you with a +2 great mace of protection!!
* * * LOW HITPOINT WARNING * * *
The minotaur gores you.
* * * LOW HITPOINT WARNING * * *
You hit the minotaur.
Flame seeps out of the minotaur.
You bite the minotaur, but do no damage.
The minotaur is almost dead.
The minotaur hits you with a +2 great mace of protection!!
* * * LOW HITPOINT WARNING * * *
The minotaur gores you!
You die...
Hepliaklqana delivers you to your ancestors.

###..##### #..#....
#..#.#.. #..#.##.
#..#..## ###...#..#....
#### ..#.ß.####..## #..#
######.#.....©#.##.
#.####H@..#.#.ß.####.#..
#.#.☼§.##.#.#...#..#..Xx
#.#°#####.#.#.ß.#..#####
#.#.#⌠bb#.#.#...#≈......
#.#.H.∩b#.#...ß.#∩......
#.#.#bbb#.#.#...#§......
#.#.#####...#.ß.#§§#####
#.#.. ###.#...#..##...
#.#### #.#.ß.####..##


You could see a minotaur (inner flame, drained).

Vanquished Creatures
  A ghost crab (Gauntlet)
  3 two-headed ogres
  2 boulder beetles (Lair:2)
  5 death yaks
  A soul eater (Gauntlet)
  Sonja (Lair:2)
  A cyclops (D:10)
  An orc sorcerer (Orc:1)
  A moth of wrath (Gauntlet)
  6 elephants
  Joseph (D:8)
  Jeremiah (D:8)
  2 cane toads
  A kobold demonologist (D:11)
  2 rime drakes
  4 komodo dragons
  A jumping spider (Lair:3)
  Prince Ribbit (D:8)
  3 dream sheep
  5 blink frogs
  2 slime creatures (D:12)
  3 culicivoras (Lair:3)
  A shadow (D:12)
  A vampire (D:9)
  A wraith (D:10)
  20 yaks
  Eustachio (D:4)
  A basilisk (Lair:2)
  2 redbacks (Lair:3)
  A steam dragon (D:8)
  3 vampire mosquitoes
  Edmund (D:5)
  An acid dragon (D:11)
  9 water moccasins
  A swamp drake (Lair:3)
  2 sky beasts (D:8)
  An ice beast (D:8)
  5 orc warriors
  4 wolves
  6 ogres
  A centaur (D:5)
  A phantom (D:4)
  6 bullfrogs
  3 kobold brigands
  A scorpion (D:7)
  11 wights
  8 killer bees
  5 howler monkeys
  A bombardier beetle (D:4)
  A gnoll bouda (D:5)
  A hound (D:5)
  A jelly (D:7)
  8 orc priests
  4 iguanas
  2 sleepcaps
  11 orc wizards
  Ijyb (D:5)
  16 gnolls
  6 adders
  4 shadow imps
  A white imp (D:7)
  2 ufetubi (D:6)
  3 ribbon worms (D:2)
  3 dart slugs
  33 orcs
  11 bats
  8 endoplasms
  5 giant cockroaches
  12 goblins
  7 hobgoblins
  3 quokkas
  4 ball pythons
  4 frilled lizards
  13 kobolds
  5 rats
315 creatures vanquished.

Vanquished Creatures (collateral kills)
  A boulder beetle (D:11)
  2 death yaks (Lair:1)
  A skyshark (Lair:1)
  5 elephants
  An oklob plant (Lair:1)
  A black mamba (Lair:1)
  Maggie (D:8)
  3 cane toads
  A kobold demonologist (D:11)
  A komodo dragon (Lair:1)
  A troll (D:9)
  A polar bear (Lair:2)
  4 blink frogs
  2 slime creatures (D:12)
  4 dream sheep
  2 wyverns
  10 yaks
  A redback (Lair:3)
  A vampire mosquito (D:9)
  A basilisk (Lair:2)
  2 water moccasins
  An acid dragon (D:9)
  An orc warrior (D:9)
  An ogre (Orc:1)
  2 wolves (Gauntlet)
  A kobold brigand (D:11)
  A gnoll sergeant (D:9)
  2 scorpions
  A bullfrog (Lair:1)
  6 wights
  8 killer bees
  2 orc priests (D:9)
  3 iguanas
  3 orc wizards
  A gnoll (D:7)
  9 orcs
  A kobold (D:11)
89 creatures vanquished.

Vanquished Creatures (others)
  17 knights
  3 ancestors (D:5)
20 creatures vanquished.

Grand Total: 424 creatures vanquished

Notes
Turn   | Place    | Note
-------+----------+-------------------------------------------
     0 | D:1      | Bort the Vampire Hunter began the quest for the Orb.
     0 | D:1      | Reached XP level 1. HP: 16/16 MP: 1/1
    66 | D:1      | Reached XP level 2. HP: 22/22 MP: 2/2
   271 | D:1      | Reached skill level 4 in Ranged Weapons
   289 | D:1      | Gained mutation: You are afflicted with vampirism and can
                  | become a bat while bloodless. [Vampire growth]
   289 | D:1      | Reached XP level 3. HP: 27/27 MP: 3/3
   308 | D:1      | Found Zunolube's Distillery.
   705 | D:2      | Learned a level 2 spell: Blink
   901 | D:2      | Reached XP level 4. HP: 30/33 MP: 4/4
  1061 | D:2      | Found a faded altar of an unknown god.
  1804 | D:3      | Reached skill level 1 in Armour
  2094 | D:1      | Bought a potion of heal wounds for 50 gold pieces
  2094 | D:1      | Bought a potion of curing for 30 gold pieces
  2358 | D:4      | Noticed a phantom
  2361 | D:4      | Reached XP level 5. HP: 38/38 MP: 5/5
  2385 | D:4      | Killed a phantom
  2386 | D:4      | Reached skill level 5 in Ranged Weapons
  2451 | D:4      | Reached XP level 6. HP: 46/46 MP: 6/6
  2552 | D:4      | Found a staircase to the Ecumenical Temple.
  2563 | Temple   | Entered the Ecumenical Temple
  2627 | Temple   | Became a worshipper of Hepliaklqana the Forgotten
  2878 | D:4      | Noticed Eustachio
  2903 | D:4      | Killed Eustachio
  2904 | D:4      | Reached skill level 6 in Ranged Weapons
  2904 | D:4      | Reached XP level 7. HP: 23/52 MP: 7/7
  3676 | D:5      | Entered Level 5 of the Dungeon
  3829 | D:5      | Noticed Ijyb
  3839 | D:5      | Killed Ijyb
  3840 | D:5      | Reached * piety under Hepliaklqana
  4211 | D:5      | Noticed Edmund
  4220 | D:5      | Killed Edmund
  4221 | D:5      | Reached skill level 7 in Ranged Weapons
  4221 | D:5      | Reached XP level 8. HP: 54/54 MP: 8/8
  4628 | D:6      | Found a blossoming altar of Fedhas.
  4629 | D:6      | Found an ancient bone altar of Kikubaaqudgha.
  4629 | D:6      | Found a stormy altar of Qazlal.
  4740 | D:6      | Reached ** piety under Hepliaklqana
  4741 | D:6      | Remembered your ancestor Urphatuuwk as a knight
  4751 | D:6      | Reached skill level 8 in Ranged Weapons
  5012 | D:1      | Bought 2 potions of might for 80 gold pieces
  5012 | D:1      | Bought a potion of attraction for 30 gold pieces
  5101 | D:7      | Found an iron altar of Okawaru.
  5114 | D:7      | Reached skill level 5 in Fighting
  5203 | D:7      | Reached XP level 9. HP: 61/61 MP: 9/9
  5309 | D:7      | Noticed porkupine's ghost (novice FeBe)
  5313 | D:7      | Found a runed translucent door.
  5599 | D:7      | Reached skill level 9 in Ranged Weapons
  5738 | D:7      | Found Ecezougg's Distillery.
  5744 | D:7      | Bought a potion of degeneration for 12 gold pieces
  5747 | D:7      | Bought a potion of lignification for 36 gold pieces
  6002 | D:7      | Bought a potion of enlightenment for 60 gold pieces
  6116 | D:8      | Noticed Jeremiah
  6145 | D:8      | Killed Jeremiah
  6244 | D:8      | Reached skill level 10 in Ranged Weapons
  6372 | D:8      | Identified a scroll of acquirement
  6376 | D:8      | Noticed Joseph
  6394 | D:8      | Killed Joseph
  6395 | D:8      | Reached XP level 10. HP: 67/68 MP: 10/10
  6443 | D:8      | Noticed Prince Ribbit
  6454 | D:8      | Killed Prince Ribbit
  6535 | D:8      | Reached *** piety under Hepliaklqana
  6627 | D:8      | Noticed Maggie
  6636 | D:8      | Killed Maggie
  6652 | D:8      | Identified the ring "Geow Fahaxei" {rC+ Str+5}
  6850 | D:8      | Reached skill level 11 in Ranged Weapons
  6992 | D:8      | Found Teiliynk's Magic Scroll Emporium.
  6995 | D:8      | Bought a scroll of identify for 28 gold pieces
  6995 | D:8      | Bought a scroll of identify for 28 gold pieces
  7123 | D:9      | Found a sparkling altar of Nemelex Xobeh.
  7276 | D:9      | Noticed a two-headed ogre
  7290 | D:9      | Killed a two-headed ogre
  7497 | D:9      | Noticed a two-headed ogre
  7504 | D:9      | Killed a two-headed ogre
  7505 | D:9      | Reached skill level 12 in Ranged Weapons
  7505 | D:9      | Reached XP level 11. HP: 67/75 MP: 11/11
  7604 | D:9      | Found a staircase to the Orcish Mines.
  7844 | D:9      | Found a staircase to the Lair.
  7948 | D:9      | Found a shimmering altar of Xom.
  8208 | Lair:1   | Entered Level 1 of the Lair of Beasts
  8208 | Lair:1   | Noticed an oklob plant
  8208 | Lair:1   | Found a shimmering blue altar of Sif Muna.
  8653 | Lair:1   | Killed an oklob plant
  8736 | Lair:1   | Reached skill level 5 in Dodging
  8834 | Lair:1   | Reached **** piety under Hepliaklqana
  8982 | Lair:1   | Reached skill level 13 in Ranged Weapons
  9573 | Lair:2   | Noticed a boulder beetle
  9577 | Lair:2   | Noticed a skyshark
  9580 | Lair:2   | Reached XP level 12. HP: 84/84 MP: 12/12
  9581 | Lair:2   | Noticed a boulder beetle
  9695 | Lair:2   | Killed a boulder beetle
  9766 | Lair:2   | Noticed Sonja
  9950 | Lair:1   | Reached skill level 1 in Throwing
  9950 | Lair:1   | Reached skill level 5 in Armour
 10010 | Lair:2   | Killed Sonja
 10034 | Lair:2   | Reached skill level 14 in Ranged Weapons
 10228 | Lair:2   | Noticed a death yak
 10228 | Lair:2   | Noticed a death yak
 10228 | Lair:2   | Noticed a death yak
 10239 | Lair:2   | Noticed a death yak
 10239 | Lair:2   | Noticed a death yak
 10265 | Lair:2   | Noticed a death yak
 10426 | Lair:2   | You fall into a shaft and drop 1 floor!
 10504 | Lair:3   | Reached skill level 5 in Stealth
 10572 | Lair:2   | Killed a boulder beetle
 10651 | Lair:2   | Noticed a dire elephant
 10651 | Lair:2   | Noticed a dire elephant
 10671 | Lair:2   | Found a runed translucent door.
 10791 | Lair:1   | Killed a death yak
 10799 | Lair:1   | Killed a death yak
 10920 | Lair:1   | Killed a death yak
 10935 | Lair:1   | Killed a death yak
 11124 | Lair:1   | Killed a death yak
 11176 | Lair:2   | Killed a death yak
 11210 | Lair:2   | Found a runed translucent door.
 11211 | Lair:2   | Found a shimmering altar of Xom.
 11211 | Lair:2   | Noticed MalacsCross's ghost (journeyman DsGl)
 11212 | Lair:2   | Identified the +8 demon whip of the Tiger {chaos, Int+4}
 11462 | Lair:3   | Noticed a death yak
 11603 | Lair:3   | Reached ***** piety under Hepliaklqana
 11738 | Lair:3   | Reached XP level 13. HP: 77/91 MP: 13/13
 11764 | Lair:3   | HP: 3/91 [culicivora (19)]
 11840 | Lair:3   | Found a hole to the Spider Nest.
 12194 | Lair:3   | Reached skill level 10 in Fighting
 12430 | Orc:1    | Entered Level 1 of the Orcish Mines
 12623 | Orc:1    | Noticed an orc warlord
 12690 | D:10     | Entered Level 10 of the Dungeon
 12930 | D:10     | Got Zamutos's Volume of Adjuration and Congelation
 13286 | D:11     | Found Ziovvos's Armour Shoppe.
 13519 | D:11     | Reached skill level 10 in Stealth
 13855 | D:12     | Found a gate leading to a gauntlet.
 13874 | Gauntlet | Entered a Gauntlet
 13874 | Gauntlet | Found a transporter.
 13874 | Gauntlet | Found a transporter.
 13878 | Gauntlet | Found a transporter.
 13878 | Gauntlet | Found a transporter.
 13889 | Gauntlet | Found a transporter.
 13896 | Gauntlet | Found a transporter.
 13904 | Gauntlet | Found a transporter.
 13906 | Gauntlet | Found a transporter.
 13906 | Gauntlet | Found a transporter.
 13912 | Gauntlet | Found a transporter.
 13912 | Gauntlet | Found a large runed translucent door.
 13948 | Gauntlet | Found a transporter.
 13992 | Gauntlet | Found a transporter.
 14003 | Gauntlet | Found a transporter.
 14005 | Gauntlet | Found a large runed translucent door.
 14005 | Gauntlet | Found a large runed translucent door.
 14006 | Gauntlet | Found a large runed translucent door.
 14006 | Gauntlet | Found a large runed translucent door.
 14007 | Gauntlet | Found a large runed translucent door.
 14007 | Gauntlet | Found a large runed translucent door.
 14007 | Gauntlet | Found a runed translucent door.
 14007 | Gauntlet | Found a runed translucent door.
 14007 | Gauntlet | Found a large runed translucent door.
 14007 | Gauntlet | Found a large runed translucent door.
 14008 | Gauntlet | Found a large runed translucent door.
 14008 | Gauntlet | Found a large runed translucent door.
 14013 | Gauntlet | Found a large runed translucent door.
 14013 | Gauntlet | Found a large runed translucent door.
 14017 | Gauntlet | Found a large runed translucent door.
 14017 | Gauntlet | Found a large runed translucent door.
 14018 | Gauntlet | Found a runed translucent gate.
 14018 | Gauntlet | Found a runed translucent gate.
 14020 | Gauntlet | Found a transporter.
 14029 | Gauntlet | Found a runed translucent gate.
 14031 | Gauntlet | Found a large runed translucent door.
 14201 | Gauntlet | Found a transporter.
 14221 | Gauntlet | Found a transporter.
 14460 | Gauntlet | Identified the +3 orcbow "Ubehaopno" {drain, *Corrode rElec
                  | rC+ Will+}
 14605 | Gauntlet | Noticed a minotaur
 14731 | Gauntlet | HP: 1/133 [minotaur/+2 great mace of protection (25)]
 14731 | Gauntlet | Mangled by a minotaur

Illustrated notes

Levels and vault maps discovered:
D:1:      ebering_hopf_link, layout_basic, serial_shops,
          nicolae_shop_behind_doors, serial_bayou_lagoon_a,
          chequers_serial_rivers_micro_b
D:2:      layout_basic, ebering_ecumenical_altar_petrified, nrook_campfire,
          lightli_corner_chamber
D:3:      layout_loops_ring, minivault_25, minmay_misc_feat_tiny, dk_vineyard_2,
          serial_park_tiny_2
D:4:      layout_loops_corners, minmay_temple_entry_mist, roderic_batcave,
          nicolae_nh_ransacked_shop, uniq_eustachio
D:5:      layout_gridville, corexii_checkpoint, uniq_ijyb, uniq_edmund
D:6:      layout_rooms, chequers_temple_overflow_statue_of_worship,
          amcnicky_mini_rare_corridor_liquid
D:7:      layout_basic, okawaru_trees_2, serial_shops, nicolae_diamond_shop,
          hellmonk_ghost_happy_afterlife
D:8:      layout_loops_ring, serial_shops, nicolae_shop_rolled_up,
          nicolae_benzene_ring, uniq_prince_ribbit1, uniq_maggie, uniq_joseph,
          uniq_jeremiah
D:9:      layout_cave_pods, nicolae_overflow_quartered_altars,
          david_lair_shrubbed, hiddenorc1_lemuel, hangedman_decor_diamond_cutter
D:10:     layout_basic
D:11:     layout_rooms, serial_shops, shop
D:12:     layout_stronghold, ebering_ghost_inner_flame, gauntlet_entry_generic
Temple:   compressed_dpeg_circular_temple
Lair:1:   layout_regular_city, lemuel_oklob_altar
Lair:2:   gammafunk_lair_enchanted_lake, layout_gridlike, ebering_ghost_xom,
          st_stairs_4, uniq_sonja
Lair:3:   layout_cave_shapes, minmay_swamp_entry_reptiles,
          nicolae_spider_entry_tight_spaces
Orc:1:    layout_caves, basic_altar, nicolae_orc_crystal_geode
Gauntlet: gammafunk_gauntlet_branching [gammafunk_gauntlet_arena_arrow_garden,
          nicolae_gauntlet_arena_blocks,
          minmay_gauntlet_arena_make_your_own_arena,
          nicolae_gauntlet_arena_flowing_pool, gammafunk_gauntlet_arena_hedges,
          gammafunk_gauntlet_arena_chambers, gammafunk_gauntlet_arena_split_x,
          gammafunk_gauntlet_arena_mazey, dreamdust_gauntlet_exit_labyrinth]

Skill      XL: |  1  2  3  4  5  6  7  8  9 10 11 12 13 |
---------------+----------------------------------------+-----
Ranged Weapons | 4 5 6 7 8 10 12 13 14 | 14.8
Fighting       | 2 3 5 6 7 8 9 10 | 10.5
Armour         | 1 2 3 4 5 |  5.0
Stealth        | 2 3 7 10 | 10.6
Dodging        | 3 4 5 7 9 |  9.2
Throwing       | 1 |  1.0
Maces & Flails | |  0.5
Evocations     | |  0.6

Action                     |  1- 3 |  4- 6 |  7- 9 | 10-12 | 13-15 || total
---------------------------+-------+-------+-------+-------+-------++-------
  Melee: Whip              |       |     6 |    10 |       |     4 ||    20
         Bite              |       |     1 |     1 |       |     3 ||     5
   Fire: Shortbow          |   136 |   174 |    65 |       |       ||   375
         Orcbow            |       |       |   306 |   811 |   415 ||  1532
  Throw: Dart              |       |       |       |     9 |    11 ||    20
 Invoke: Recall Ancestor   |       |       |     1 |    10 |     5 ||    16
         Ancestor Identity |       |       |     1 |       |       ||     1
         Ancestor Life: Kn |       |       |     1 |       |       ||     1
  Evoke: Wand              |       |       |     2 |     5 |    17 ||    24
    Use: Potion            |       |     1 |       |     4 |     4 ||     9
         Scroll            |       |       |     7 |     6 |     4 ||    17
 Armour: Leather armour    |    26 |    72 |    90 |       |       ||   188
         Ring mail         |       |       |       |   323 |   169 ||   492
         Acid dragon scale |       |       |       |     4 |       ||     4
  Dodge: Dodged            |    36 |    84 |    99 |   233 |   159 ||   611

Table legend: (Time is in decaauts)
 A = Elapsed time spent in this place.
 B = Non-inter-level travel time spent in this place.
 C = Inter-level travel time spent in this place.
 D = Time resting spent in this place.
 E = Time spent auto-exploring this place.
 F = Levels seen in this place.
 G = Mean time per level.
                   A        B        C        D        E       F      G
               +--------+--------+--------+--------+--------+-----+--------+
         Total |  14849 |  13633 |   1216 |   1219 |   8071 |  18 |  824.9 |
       Dungeon |   9952 |   9063 |    889 |    430 |   6398 |  12 |  829.3 |
        Temple |     78 |     65 |     13 |      0 |      0 |   1 |   78.0 |
          Lair |   3778 |   3466 |    312 |    694 |   1426 |   3 | 1259.3 |
  Orcish Mines |    211 |    211 |      0 |     20 |    138 |   1 |  211.0 |
      Gauntlet |    827 |    827 |      0 |     74 |    109 |   1 |  827.0 |
               +--------+--------+--------+--------+--------+-----+--------+

Top non-repeatable levels by time:
     D:4: 1653 daAuts
     D:9: 1624 daAuts
  Lair:1: 1488 daAuts
  Lair:2: 1434 daAuts
     D:8: 1043 daAuts
     D:7: 987 daAuts
     D:2: 921 daAuts
  Lair:3: 855 daAuts
Gauntlet: 827 daAuts
     D:3: 738 daAuts
     D:5: 703 daAuts
     D:1: 676 daAuts
    D:10: 644 daAuts
     D:6: 437 daAuts
    D:11: 430 daAuts
